 Dungeon Crawl Stone Soup version 0.28-a0-1435-g82390b3a13 (webtiles) character file.

Game seed: 5744984509781673601

163 bjtr the Ogre Mage (level 5, -2/52 HPs)
             Began as an Ogre Fire Elementalist on Jan 10, 2022.
             Was an Initiate of Vehumet.
             Slain by a black bear (11 damage)
             ... on level 3 of the Dungeon.
             The game lasted 00:11:06 (3860 turns).

bjtr the Ogre Mage (Ogre Fire Elementalist)         Turns: 3860, Time: 00:11:06

Health: -2/52      AC:  4    Str: 12    XL:     5   Next: 44%
Magic:  1/11       EV:  9    Int: 18    God:    Vehumet [......]
Gold:   80         SH:  0    Dex:  9    Spells: 6/12 levels left

rFire   . . .      SeeInvis .   a - +0 war axe
rCold   . . .      Faith    .   (no shield)
rNeg    . . .      Spirit   .   c - +0 robe
rPois   .          Reflect  .   (helmet restricted)
rElec   .          Harm     .   o - +0 cloak
rCorr   .          Rampage  .   (gloves unavailable)
Will    .....                   (boots unavailable)
Stlth   +.........              (no amulet)
HPRegen 0.17/turn               (no ring)
MPRegen 0.12/turn               (no ring)

@: no status effects
A: large, unfitting armour, tough skin 1
a: Renounce Religion


You were on level 3 of the Dungeon.
You worshipped Vehumet.
Vehumet was noncommittal.
You visited 1 branch of the dungeon, and saw 3 of its levels.

You collected 80 gold pieces.

Inventory:

Hand Weapons
 a - a +0 war axe (weapon)
 b - a +1 hunting sling of freezing
 n - a +0 halberd
 u - a +0 long sword
Missiles
 d - 49 bolts
 g - 90 stones
 k - 12 poisoned darts
Armour
 c - a +0 robe (worn)
 o - a +0 cloak (worn)
Magical Staves
 p - a staff of cold
Scrolls
 e - 6 scrolls of teleportation {unknown}
 f - 2 scrolls of identify {unknown}
 j - 2 scrolls of vulnerability {unknown}
 m - a scroll of holy word {unknown}
 r - a scroll of noise {unknown}
 t - a scroll of magic mapping {unknown}
 v - a scroll of amnesia {unknown}
 w - a scroll of fear {unknown}
Potions
 h - a potion of cancellation {unknown}
 i - 3 potions of curing {unknown}
 l - a potion of degeneration {unknown}
 q - a potion of invisibility {unknown}
 s - 2 potions of haste {unknown}


   Skills:
 * Level 2.9 Fighting
 - Level 1.7 Dodging
 - Level 1.4 Stealth
 + Level 4.1 Spellcasting
 + Level 1.1 Conjurations
 + Level 3.9 Fire Magic


You had 6 spell levels left.
You knew the following spells:

 Your Spells              Type           Power      Damage    Failure   Level
a - Foxfire               Conj/Fire      48%        2x1d6     5%          1
b - Scorch                Fire           34%        2d6       4%          2
c - Conjure Flame         Conj/Fire      12%        6-21      16%         3

Your spell library contained the following spells:

 Spells                   Type           Power      Damage    Failure   Level
 Inner Flame              Hex/Fire       10%        N/A       19%         3
 Flame Wave               Conj/Fire      12%        2d5       45%         4


Dungeon Overview and Level Annotations

Branches:
Dungeon (3/15)

Altars:
Ashenzari
Dithmenos
Vehumet

Shops:
D:2 [


Innate Abilities, Weirdness & Mutations

You are too large for most types of armour.
You have tough skin. (AC +1)


Message History

The black bear goes berserk!
Unknown command.
Casting: Scorch (safe; 4% risk of failure)
Confirm with . or Enter, or press ? or * to list all spells.
Flames lash the black bear.
The black bear is almost dead.
The black bear bites you!
The black bear claws you but does no damage.
The black bear claws you.
Casting: Scorch (safe; 4% risk of failure)
Confirm with . or Enter, or press ? or * to list all spells.
You don't have enough magic to cast this spell.
Really attack while wielding your +1 hunting sling of freezing?
Okay, then.
Unknown command.
Casting: Scorch (safe; 4% risk of failure)
Confirm with . or Enter, or press ? or * to list all spells.
You conjure some foxfire!
The black bear bites you. The black bear barely misses you.
The black bear claws you.
The giant cockroach waves its antennae.
The black bear bites you!
* * * LOW HITPOINT WARNING * * *
The black bear claws you.
* * * LOW HITPOINT WARNING * * *
The black bear barely misses you.
Your foxfire dissipates!
The foxfire hits the black bear.
The black bear is almost dead.
The black bear rages.
The black bear bites you.
* * * LOW HITPOINT WARNING * * *
The black bear claws you.
* * * LOW HITPOINT WARNING * * *
The black bear barely misses you.
Your +1 hunting sling of freezing stops glowing.
a - a +0 war axe (weapon)
You barely miss the black bear.
The black bear is almost dead.
The black bear bites you!
You die...

#..#
#...>....#
##. #. #..#
#........#
##) #..###..#
#........#
#..
#.......#####
#........#
#..
####........#
#........#
#..
#....###.#
##########
#..
#....###§##
##.
####.##.§§##
##
#.#§#§#@### #
#.§§§_§§h.# #
#+#§#§#§#B###
§§.#....#
#.#..B..#
...#.....#
... #.....#
... #.....#
... #......


You could see a black bear (berserk, combustible) and a giant cockroach.

Vanquished Creatures
  A statue (D:3)
  4 gnolls
  4 adders (D:2)
  2 dart slugs (D:1)
  3 endoplasms
  2 giant cockroaches
  6 goblins
  5 hobgoblins
  2 jackals (D:1)
  2 kobolds
  3 quokkas
  10 ball pythons
  8 bats
  4 frilled lizards
  9 rats
65 creatures vanquished.

Vanquished Creatures (others)
  A demonic plant (D:1)
  45 foxfires
  A fungus (D:1)
47 creatures vanquished.

Grand Total: 112 creatures vanquished

Notes
Turn   | Place    | Note
-------+----------+-------------------------------------------
     0 | D:1      | bjtr the Ogre Fire Elementalist began the quest for the
                  | Orb.
     0 | D:1      | Reached XP level 1. HP: 16/16 MP: 3/3
    59 | D:1      | Reached skill level 1 in Fighting
    61 | D:1      | Reached XP level 2. HP: 27/27 MP: 0/5
   150 | D:1      | Learned a level 2 spell: Scorch
   193 | D:1      | Found a faded altar of an unknown god.
   946 | D:1      | Reached XP level 3. HP: 33/35 MP: 4/7
   950 | D:1      | Learned a level 3 spell: Conjure Flame
  1077 | D:1      | Reached skill level 3 in Spellcasting
  1458 | D:1      | Reached skill level 1 in Conjurations
  1686 | D:1      | Reached XP level 4. HP: 25/42 MP: 0/9
  1988 | D:2      | Found Buis's Antique Armour Boutique.
  2823 | D:2      | Reached XP level 5. HP: 49/50 MP: 3/10
  3092 | D:2      | Reached skill level 4 in Spellcasting
  3378 | D:3      | Found a broken altar of Ashenzari.
  3517 | D:3      | Found a radiant altar of Vehumet.
  3517 | D:3      | Noticed a charred statue
  3604 | D:3      | Killed a charred statue
  3610 | D:3      | Became a worshipper of Vehumet
  3841 | D:3      | Found a shadowy altar of Dithmenos.
  3846 | D:3      | Noticed a black bear
  3860 | D:3      | Slain by a black bear

Illustrated notes

Levels and vault maps discovered:
D:1:      nicolae_arrival_washed_ashore, layout_loops_ring,
          shapermc_ecumenical_altar_gd, chequers_serial_rivers_micro_b,
          kennysheep_pointless_box, minmay_heptomino_o4
D:2:      layout_loops_corners, serial_shops, nicolae_shop_advertising_works
          [nicolae_subvault_shop_adworks]
D:3:      layout_basic, cheibrodos_ashenzari_chains,
          grunt_dithmenos_smoke_and_mirrors, vehumet_statue

Skill      XL: |  1  2  3  4  5 |
---------------+----------------+-----
Fighting       | 1 2 |  2.9
Fire Magic     | 3 |  3.9
Spellcasting   | 3 4 |  4.1
Conjurations   | 1 |  1.1
Dodging        | |  1.7
Stealth        | |  1.4

Action                   |  1- 3 |  4- 6 || total
-------------------------+-------+-------++-------
Melee: Unarmed           |     1 |       ||     1
       War axe           |    25 |    15 ||    40
 Fire: Hunting sling     |       |    10 ||    10
 Cast: Foxfire           |    18 |    10 ||    28
       Scorch            |    21 |    39 ||    60
 Stab: Sleeping          |     1 |       ||     1
Armor: Robe              |     9 |    22 ||    31
Dodge: Dodged            |    16 |    18 ||    34

Table legend: (Time is in decaauts)
 A = Elapsed time spent in this place.
 B = Non-inter-level travel time spent in this place.
 C = Inter-level travel time spent in this place.
 D = Time resting spent in this place.
 E = Time spent auto-exploring this place.
 F = Levels seen in this place.
 G = Mean time per level.
                   A        B        C        D        E       F      G
               +--------+--------+--------+--------+--------+-----+--------+
         Total |   3881 |   3806 |     75 |    677 |   2621 |   3 | 1293.7 |
       Dungeon |   3881 |   3806 |     75 |    677 |   2621 |   3 | 1293.7 |
               +--------+--------+--------+--------+--------+-----+--------+

Top non-repeatable levels by time:
     D:1: 1755 daAuts
     D:2: 1634 daAuts
     D:3: 491 daAuts
